 Dungeon Crawl Stone Soup version 0.29-a0-575-g0dc89cf053 (webtiles) character file.

Game seed: 2091444090729200728

31 raistware the Conjurer (level 3, -4/24 HPs)
             Began as a Human Conjurer on June 12, 2022.
             Slain by a goblin
             ... wielding a +0 club
             ... led by Robin
              (5 damage)
             ... on level 2 of the Dungeon.
             The game lasted 00:02:03 (1550 turns).

raistware the Conjurer (Human Conjurer)             Turns: 1550, Time: 00:02:04

Health: -4/24      AC:  2    Str:  7    XL:     3   Next: 40%
Magic:  1/7        EV: 12    Int: 20    God:
Gold:   118        SH:  0    Dex: 11    Spells: 4/7 levels left

rFire   . . .      SeeInvis .   (no weapon)
rCold   . . .      Faith    .   (no shield)
rNeg    . . .      Spirit   .   a - +0 robe
rPois   .          Reflect  .   (no helmet)
rElec   .          Harm     .   (no cloak)
rCorr   .          Rampage  .   (no gloves)
Will    .....                   (no boots)
Stlth   ++........              (no amulet)
HPRegen 0.08/turn               (no ring)
MPRegen 0.10/turn               (no ring)

@: no status effects
A: no striking features
a: no special abilities


You were on level 2 of the Dungeon.
You visited 1 branch of the dungeon, and saw 2 of its levels.

You collected 118 gold pieces.

Inventory:

Missiles
 d - 2 poisoned darts
Armour
 a - a +0 robe (worn)
Scrolls
 c - a scroll of brand weapon {unknown}
 f - 3 scrolls of identify {unknown}
 h - a scroll of magic mapping {unknown}
 j - a scroll of summoning {unknown}
 l - a scroll of silence {unknown}
Potions
 b - a potion of magic
 e - 3 potions of heal wounds {unknown}
 g - a potion of mutation {unknown}
 i - a potion of attraction {unknown}
 k - a potion of curing {unknown}


   Skills:
 - Level 2.0 Dodging
 - Level 2.0 Stealth
 * Level 2.7 Spellcasting
 * Level 4.5 Conjurations


You had 4 spell levels left.
You knew the following spells:

 Your Spells              Type           Power      Damage    Failure   Level
a - Magic Dart            Conj           80%        1d7       2%          1
b - Searing Ray           Conj           40%        2d5       3%          2

Your spell library contained the following spells:

 Spells                   Type           Power      Damage    Failure   Level
 Dazzling Flash           Conj/Hex       22%        N/A       17%         3
 Fulminant Prism          Conj/Hex       5%         3d7       50%         4
 Iskenderun's Mystic Bla  Conj/Tloc      11%        2d4       50%         4


Dungeon Overview and Level Annotations

Branches:
Dungeon (2/15)

Altars:

Annotations:
D:2 Robin


Message History

(Press . to maintain the ray.)
A hobgoblin comes into view.
Robin roars a battlecry!
The goblins go into a battle-frenzy!
The hobgoblin shouts!
Unknown command.
The searing ray hits the goblin!
You kill the goblin!
The searing ray hits the hobgoblin.
You kill the hobgoblin!
The searing ray hits Robin.
Robin is moderately wounded.
Robin throws the goblin at you! The goblin barely misses you.
The searing ray hits Robin!
Robin is almost dead.
Robin throws the goblin at you! The goblin hits you with a +0 club.
The goblin barely misses you.
Unknown command.
The searing ray hits the goblin!
You kill the goblin!
The searing ray hits the goblin!
You kill the goblin!
The searing ray hits Robin but does no damage.
Robin is almost dead.
You finish channelling your searing ray.
The goblin hits you with a +0 club. The goblin misses you.
Unknown command.
The goblin hits you but does no damage. The goblin attacks as you move away!
The goblin hits you with a +0 club.
* * * LOW HITPOINT WARNING * * *
Robin says, "Kneel, worm!"
Robin throws the goblin at you!
* * * LOW HITPOINT WARNING * * *
The goblin hits you with a +0 club.
* * * LOW HITPOINT WARNING * * *
You closely miss the goblin. The goblin barely misses you.
The goblin closely misses you.
You closely miss the goblin. The goblin completely misses you.
The goblin hits you with a +0 club.
You die...

#.# #.# #.#########
#.##......#
..##..##.##......#
.......#.##....>.#
#......#g##......#
#..g...#@##......####
.....#g............
g).#g......#####
#)#g.....<#
#...[....##
##..###### #..# #..#
##.#


You could see Robin, a hobgoblin (strong) and 2 goblins.

Vanquished Creatures
  A dart slug (D:1)
  2 endoplasms (D:1)
  2 giant cockroaches (D:1)
  2 hobgoblins
  A quokka (D:1)
  2 ball pythons (D:1)
  7 bats
  A frilled lizard (D:1)
  7 goblins
  2 kobolds (D:1)
  2 rats (D:1)
29 creatures vanquished.

Notes
Turn   | Place    | Note
-------+----------+-------------------------------------------
     0 | D:1      | raistware the Human Conjurer began the quest for the Orb.
     0 | D:1      | Reached XP level 1. HP: 13/13 MP: 3/3
   168 | D:1      | Reached XP level 2. HP: 19/19 MP: 1/5
   171 | D:1      | Learned a level 2 spell: Searing Ray
  1120 | D:1      | Reached XP level 3. HP: 24/24 MP: 2/6
  1538 | D:2      | Noticed Robin
  1548 | D:2      | HP: 1/24 [goblin/+0 club[Robin] (3)]
  1550 | D:2      | Slain by a goblin

Illustrated notes

Levels and vault maps discovered:
D:1:      evilmike_arrival_hilbert_curve, layout_loops_corners,
          dreamdust_princess_corridor
D:2:      layout_basic, dilly_ecumenical_altar_fadedgnrine, serial_shops,
          shop_scrolls, serial_bayou_pond_e, uniq_robin

Action                   || total
-------------------------++-------
Melee: Unarmed           ||     3
 Cast: Magic Dart        ||    39
       Searing Ray       ||     1
Armor: Robe              ||     4
Dodge: Dodged            ||    13

Table legend: (Time is in decaauts)
 A = Elapsed time spent in this place.
 B = Non-inter-level travel time spent in this place.
 C = Inter-level travel time spent in this place.
 D = Time resting spent in this place.
 E = Time spent auto-exploring this place.
 F = Levels seen in this place.
 G = Mean time per level.
                   A        B        C        D        E       F      G
               +--------+--------+--------+--------+--------+-----+--------+
         Total |   1549 |   1487 |     62 |      7 |   1364 |   2 |  774.5 |
       Dungeon |   1549 |   1487 |     62 |      7 |   1364 |   2 |  774.5 |
               +--------+--------+--------+--------+--------+-----+--------+

Top non-repeatable levels by time:
     D:1: 1476 daAuts
     D:2: 73 daAuts
